Map: Dusk Towers

Players

xKawaiian

  • Race: Terran Terran
  • League: Master

Paradox

  • Race: Terran Terran
  • League: Diamond

Schnitzel

  • Race: Terran Terran
  • League: Grandmaster

Shloopy

  • Race: Terran Terran
  • League: Master

VOD

Have the link to the VOD?

Description

Time

  • Played on: Jan. 12, 2016, 10:37 p.m.
  • Length: 12:26
Show
View Real Time Build Order
Export as new Build Order

xKawaiian Terran 

Build Orders: 1/1/1, Cyclone Opening, Bio Tank 

Get SALT Encoding   

  12  0:01  SCV  
  13  0:13  SCV  
  14  0:17  Supply Depot  
  14  0:25  SCV  
  15  0:39  SCV  
  15  0:41  Barracks  
  16  0:46  Refinery  
  16  0:51  SCV  
  16  0:54  Refinery  
  17  1:03  SCV  
  18  1:15  SCV  
  19  1:27  Orbital Command  
  19  1:29  Marine  
  20  1:35  Factory  
  20  1:43  Supply Depot  
  20  1:48  Marine  
  20  1:54  SCV  
  22  2:06  SCV, Marine  
  24  2:18  Starport  
  24  2:19  Factory Tech Lab  
  24  2:22  SCV  
  25  2:23  Marine  
  25  2:28  Supply Depot  
  26  2:34  SCV  
  27  2:41  Marine  
  27  2:43  Cyclone  
  31  2:49  SCV  
  32  2:56  Supply Depot, Medivac  
  34  3:01  Marine  
  34  3:04  SCV  
  36  3:16  Siege Tank, Liberator  
  36  3:17  SCV  
  40  3:25  Marine  
  44  3:35  SCV, Supply Depot  
  45  3:43  Marine  
  46  3:52  SCV  
  47  4:01  Marine  
  47  4:04  Command Center  
  47  4:05  SCV  
  48  4:16  Barracks  
  48  4:19  Barracks  
  48  4:27  Barracks Reactor  
  48  4:40  Siege Tank, Starport Reactor  
  48  4:42  SCV  
  52  4:54  SCV  
  46  5:06  SCV, Barracks Tech Lab  
  47  5:08  Barracks Reactor, Marine x2  
  49  5:16  Orbital Command  
  49  5:18  SCV  
  49  5:19  Siege Tank  
  53  5:30  SCV, Marine x2  
  53  5:31  Stimpack, Marine  
  54  5:36  Medivac  
  54  5:42  SCV  
  57  5:44  SCV  
  57  5:48  Marine  
  59  5:51  Orbital Command  
  59  5:53  Command Center  
  59  5:55  SCV  
  60  5:59  Viking  
  60  6:00  Marine  
  60  6:01  Marine  
  60  6:02  Marine  
  65  6:04  Marine  
  65  6:06  SCV  
  67  6:17  Supply Depot  
  67  6:18  Supply Depot  
  67  6:21  SCV x2  
  69  6:30  Marine  
  70  6:35  Refinery x2  
  70  6:38  SCV x2, Medivac, Marine x4  
  78  6:41  Supply Depot  
  78  6:42  Supply Depot  
  78  6:47  Medivac  
  78  6:48  Marine  
  78  6:50  SCV  
  78  6:53  SCV  
  83  7:02  SCV  
  83  7:05  SCV  
  81  7:08  Siege Tank  
  81  7:11  Marine  
  81  7:12  Medivac  
  81  7:14  SCV  
  81  7:15  SCV, Marine  
  79  7:17  SCV  
  79  7:19  Marine  
  80  7:27  SCV, Marine  
  80  7:30  Marine x2  
  80  7:31  SCV  
  84  7:38  Orbital Command  
  83  7:44  SCV  
  83  7:45  Marine x2  
  83  7:47  Combat Shields  
  83  7:50  SCV  
  87  7:56  Marine  
  87  7:57  Marine  
  87  7:58  Medivac  
  91  8:01  Medivac  
  91  8:03  Marine  
  91  8:05  SCV  
  95  8:06  SCV  
  95  8:07  SCV  
  95  8:12  Siege Tank  
  99  8:13  Marine  
  99  8:17  SCV, Marine x2  
  99  8:18  SCV  
  99  8:19  SCV  
  105  8:25  Marine  
  105  8:26  Marine  
  107  8:28  Engineering Bay  
  107  8:29  Engineering Bay  
  107  8:31  Marine  
  108  8:35  Marine x2  
  108  8:40  SCV x3  
  113  8:42  Marine  
  113  8:43  Marine  
  113  8:44  Siege Tank  
  104  8:49  Marine  
  104  8:53  Marine  
  106  8:56  Barracks x2  
  106  9:01  Marine x3  
  106  9:02  Terran Infantry Weapons Level 1  
  108  9:03  Terran Infantry Armor Level 1  
  108  9:04  SCV  
  108  9:05  SCV x2  
  111  9:10  Marine x2  
  111  9:16  SCV, Siege Tank  
  114  9:18  SCV  
  114  9:19  Marine x2  
  117  9:26  Supply Depot  
  117  9:28  Supply Depot  
  117  9:29  Supply Depot  
  117  9:30  Marine  
  115  9:32  Supply Depot x2, Marine x2  
  115  9:35  Armory  
  115  9:37  Medivac  
  119  9:44  Barracks Reactor  
  119  9:45  Barracks Reactor  
  119  9:48  Siege Tank, Marine  
  119  9:49  Marine  
  119  9:50  Medivac  
  126  9:57  Marine  
  126  9:58  Marine  
  126  9:59  SCV x2  
  125  10:03  Supply Depot x2  
  125  10:06  Marine  
  125  10:07  Medivac, Marine x2  
  130  10:20  Siege Tank, Medivac  
  135  10:21  Command Center  
  135  10:26  Refinery, Marine x2  
  135  10:27  Refinery  
  137  10:28  Supply Depot  
  137  10:30  Marine x2  
  137  10:31  Marine x3  
  138  10:37  Marine x2  
  138  10:45  Marine x2  
  138  10:46  Medivac  
  137  10:50  Medivac  
  137  10:51  Supply Depot  
  137  10:52  Supply Depot  
  137  10:53  Supply Depot  
  137  10:54  Marine x2  
  137  10:55  Marine x3  
  140  10:59  Marine x2  
  140  11:03  Marine x2  
  139  11:19  Supply Depot, Marine  
  139  11:20  Supply Depot  
  132  11:30  Medivac x2, Siege Tank, Marine x2  
  137  11:37  Marine  
  133  11:40  Marine  
  133  11:41  Marine x3  
  137  11:49  SCV  
  137  11:50  SCV, Marine x2  
  141  11:58  Factory  
  141  11:59  Factory  
  143  12:03  Marine  
Show
View Real Time Build Order
Export as new Build Order

Paradox Terran 

Build Orders: Liberator Opening 

Get SALT Encoding   

  12  0:01  SCV  
  13  0:13  SCV  
  14  0:18  Supply Depot  
  14  0:25  SCV  
  15  0:39  SCV  
  15  0:41  Barracks  
  16  0:47  Refinery  
  16  0:51  SCV  
  17  1:04  SCV  
  18  1:16  SCV  
  19  1:22  Refinery  
  19  1:30  Supply Depot, Orbital Command  
  19  1:32  Reaper  
  19  1:56  SCV  
  19  1:58  Factory  
  20  2:06  Barracks Reactor  
  20  2:08  SCV  
  21  2:20  SCV  
  22  2:30  Supply Depot  
  22  2:32  SCV  
  23  2:42  Factory Tech Lab  
  23  2:43  Starport  
  23  2:45  SCV, Marine x2  
  26  2:57  SCV  
  27  3:03  Liberator, Siege Tank, Marine x2  
  32  3:09  SCV  
  33  3:22  Marine x2  
  37  3:32  Command Center, SCV  
  38  3:41  Marine  
  38  3:46  Supply Depot  
  39  3:59  Engineering Bay, Liberator  
  39  4:07  Marine  
  39  4:08  SCV, Siege Tank  
  39  4:09  Supply Depot  
  46  4:49  Command Center  
  45  5:04  Medivac  
  47  5:13  Orbital Command  
  47  5:15  Barracks x2  
  47  5:18  SCV  
  44  5:36  Missile Turret  
  44  5:38  Siege Tank  
  44  5:40  Starport Reactor  
  47  5:45  SCV  
  47  5:47  SCV  
  49  5:59  Marine  
  49  6:00  Marine  
  49  6:02  Barracks Reactor, Barracks Tech Lab  
  51  6:05  SCV  
  51  6:10  Missile Turret  
  52  6:13  SCV  
  52  6:17  SCV  
  52  6:18  Orbital Command  
  54  6:25  SCV  
  54  6:29  SCV  
  56  6:33  Stimpack  
  56  6:37  Marine x2  
  56  6:38  SCV, Marine x3  
  62  6:48  Medivac x2  
  66  6:55  Marine x2  
  66  6:56  Marauder, Marine  
  66  6:59  Siege Tank  
  74  7:02  Refinery x2  
  63  7:18  SCV x2  
  63  7:19  SCV  
  64  7:30  SCV x2  
  64  7:31  SCV  
  64  7:33  Marauder, Marine x4  
  61  7:44  Orbital Command  
  61  7:48  Siege Tank  
  61  7:50  Marine  
  61  7:51  Marine x3  
  67  7:54  Marine  
  69  7:59  Terran Infantry Weapons Level 1  
  69  8:08  Missile Turret, Marine x2  
  71  8:13  Missile Turret  
  71  8:14  Marine  
  71  8:19  SCV  
  74  8:20  SCV  
  74  8:21  Missile Turret  
  74  8:26  Marine  
  68  8:40  Marine  
  61  8:50  Orbital Command  
  59  8:58  Marine x2  
  59  8:59  SCV  
  60  9:10  Marauder  
  60  9:14  Marine  
  61  9:18  Marine  
  61  9:24  SCV x2  
  62  9:33  Medivac  
  62  9:37  Missile Turret  
  64  9:39  SCV x2  
  66  9:47  Marine x2  
  68  9:56  Marine  
  68  9:57  Marine x2  
  68  9:59  SCV  
  70  10:06  Marine  
  71  10:16  SCV  
  72  10:25  SCV x2, Missile Turret  
  74  10:28  SCV  
  73  10:40  SCV  
  72  10:45  Marine  
  64  11:05  Marauder, Orbital Command, Marine  
  67  11:20  SCV x2  
  68  11:32  SCV  
  58  11:33  Marine  
  58  11:34  Marine  
  58  11:38  SCV x2  
  62  11:44  SCV  
  63  11:50  SCV x2, Marine  
Show
View Real Time Build Order
Export as new Build Order

Schnitzel Terran 

Build Orders:  

Get SALT Encoding   

Show
View Real Time Build Order
Export as new Build Order

Shloopy Terran 

Build Orders:  

Get SALT Encoding   

Tags
 
Add a new tag
Caveats
  • Supply blocks, unpowered buildings, or Contaminate may cause inaccurate times.
  • Supply counts are checked every 10 seconds.